 Dungeon Crawl Stone Soup version 0.31.0-12-g77e489cdc1 (webtiles) character file.

Game seed: 18046895324670407040

97 Killerpretzel the Changeling (level 4, -8/29 HPs)
             Began as an Octopode Shapeshifter on Mar 7, 2024.
             Mangled by an ogre
             ... wielding a +0 giant spiked club
              (27 damage)
             ... on level 2 of the Dungeon.
             The game lasted 00:00:41 (1324 turns).

Killerpretzel the Changeling (OpSh)                 Turns: 1324, Time: 00:00:42

Health: -8/29      AC:  1    Str: 13    XL:     4   Next: 68%
Magic:  4/4        EV: 13    Int: 12    God:
Gold:   116        SH:  0    Dex: 13    Spells: 3/3 levels left

rFire   . .          .
                       - Unarmed
rCold   . . .        (no shield)
rNeg    . . .        (helmet currently unavailable)
rPois   .            (no amulet)
rElec   .            k - ring of willpower
rCorr   .            (no ring)
SInv    .            (no ring)
Will    +....        (no ring)
Stlth   ++           (no ring)
HPRegen 0.24/turn    (no ring)
MPRegen 0.09/turn    (no ring)
                     (no ring)

%: no passive effects
@: beast-form
A: beast (slay +2), almost no armour, amphibious, 8 rings, camouflage 1,
gelatinous body 1, (nimble swimmer 1), tentacles
a: Begin Untransformation


You were on level 2 of the Dungeon.
You were a hulking beast.
You visited 1 branch of the dungeon, and saw 2 of its levels.

You collected 116 gold pieces.

Inventory:

Jewellery
 h - a ring of ice
 k - a ring of willpower (left tentacle)
Talismans
 b - a beast talisman
 c - a flux talisman
Scrolls
 g - 2 scrolls of identify
 i - a scroll of immolation {unknown}
Potions
 a - 2 potions of lignification
 d - a potion of cancellation {unknown}
 e - 3 potions of degeneration
 f - a potion of berserk rage {unknown}
 j - a potion of heal wounds {unknown}
 l - a potion of attraction {unknown}
 m - a potion of curing {unknown}


   Skills:
 + Level 2.0 Fighting
 + Level 2.7 Dodging
 + Level 3.5 Unarmed Combat
 * Level 3.9 Shapeshifting


You had 3 spell levels left.
You didn't know any spells.
Your spell library was empty.

Dungeon Overview and Level Annotations

Branches:
Dungeon (2/15)

Altars:


Innate Abilities, Weirdness & Mutations

You are a hulking beast.
Your limbs bulge with bestial killing power. (Slay +2)
You cannot wear most types of armour.
You are amphibious.
You can wear up to eight rings at the same time.
Your skin changes colour to match your surroundings (Stealth+).
Your rubbery body absorbs attacks. (AC +1, EV +1)
((You are camouflaged when in or above water. (Stealth+)))
You have tentacles for arms and can constrict up to eight enemies at once.


Message History

There is an open door here.
An ogre comes into view. It is wielding a +0 giant spiked club.
The ogre shouts!
You hear a loud squeak.
A rat comes into view.
You tentacle-slap the ogre but do no damage.
Your squeeze misses the ogre. The ogre closely misses you.
You tentacle-slap the ogre.
The ogre is lightly wounded.
The ogre closely misses you.
You tentacle-slap the ogre. You squeeze the ogre!
The ogre is heavily wounded.
You tentacle-slap the ogre but do no damage.
You tentacle-slap the ogre.
The ogre is heavily wounded.
The ogre hits you with a +0 giant spiked club!
You are too injured to fight recklessly!
You are too injured to fight recklessly!
You are too injured to fight recklessly!
You are too injured to fight recklessly!
You are too injured to fight recklessly!
You are too injured to fight recklessly!
There are monsters nearby!
You are too injured to fight recklessly!
You are too injured to fight recklessly!
You are too injured to fight recklessly!
You are too injured to fight recklessly!
You are too injured to fight recklessly!
You are too injured to fight recklessly!
You are too injured to fight recklessly!
You are too injured to fight recklessly!
You are too injured to fight recklessly!
You are too injured to fight recklessly!
There are monsters nearby!
You tentacle-slap the ogre.
The ogre is severely wounded.
You tentacle-slap the ogre. x2
The ogre is almost dead.
The ogre hits you with a +0 giant spiked club!!
Ouch! That really hurt!
You die...

#####.###..... .. #.#
#..... .. #.# ###### ..
##'## #. ##...## # ##.
##.....## ## .##.#.r
##.......## #.
......O####...†.....###.
#....h..'.........'...
#....####.........###.
#.#.# ##.......## #. #
## ##.....#####. ##...##
#... ##+## #.#† #.#. #
##


You could see an ogre and a rat.

Vanquished Creatures
  Jessica (D:2)
  3 adders (D:2)
  4 ball pythons (D:2)
  3 bats
  2 endoplasms
  A giant cockroach (D:1)
  6 goblins
  A hobgoblin (D:1)
  9 jackals
  2 quokkas
  A frilled lizard (D:1)
  4 kobolds
  A rat (D:1)
38 creatures vanquished.

Notes
Turn   | Place    | Note
-------+----------+-------------------------------------------
     0 | D:1      | Killerpretzel the Octopode Shapeshifter began the quest for
                  | the Orb.
     0 | D:1      | Reached XP level 1. HP: 13/13 MP: 1/1
   120 | D:1      | Reached XP level 2. HP: 7/18 MP: 2/2
   679 | D:2      | Reached XP level 3. HP: 23/23 MP: 3/3
   850 | D:2      | Noticed Jessica
   854 | D:2      | Killed Jessica
   855 | D:2      | Reached XP level 4. HP: 17/29 MP: 4/4
  1318 | D:2      | Noticed an ogre
  1324 | D:2      | Mangled by an ogre

Illustrated notes

Levels and vault maps discovered:
D:1:      minmay_arrival_cross, layout_basic
D:2:      layout_loops_corners, uniq_jessica

Skill      XL: |  1  2  3  4 |
---------------+-------------+-----
Fighting       | 2 |  2.0
Dodging        | |  2.7
Unarmed Combat | |  3.5
Shapeshifting  | |  3.9

Action                     |  1- 3 |  4- 6 || total
---------------------------+-------+-------++-------
  Melee: Unarmed           |    48 |    29 ||    77
         Constrict         |     8 |     5 ||    13
         Tentacles         |     7 |     8 ||    15
         Punch             |       |     3 ||     3
    Use: Scroll            |     4 |       ||     4
   Stab: Sleeping          |     6 |       ||     6
 Armour: Skin              |    14 |    11 ||    25
  Dodge: Dodged            |    30 |    19 ||    49
